 Dungeon Crawl Stone Soup version 0.24.0-125-gc4c63601f3 (webtiles) character file.

Game seed: 18115350787631071351, levelgen mode: deterministic

2435 Amplified the Fighter (level 9, -9/76 HPs)
             Began as a Mummy Hunter on Feb 25, 2020.
             Was an Initiate of Gozag.
             Shot with a sling bullet by Joseph (17 damage)
             ... on level 8 of the Dungeon.
             The game lasted 00:16:02 (8969 turns).

Amplified the Fighter (Mummy Hunter)                Turns: 8969, Time: 00:16:02

Health: -9/76      AC:  9    Str: 15    XL:     9   Next: 24%
Magic:  9/9        EV: 11    Int: 11    God:    Gozag
Gold:   167        SH:  0    Dex: 15    Spells: 8/8 levels left

rFire    x . .     SeeInvis .   c - +1 morningstar (protect)
rCold    + . .     Gourm    .   (no shield)
rNeg     + + +     Faith    .   p - +0 ring mail
rPois    ∞         Spirit   .   (no helmet)
rElec    .         Reflect  .   r - +0 cloak
rCorr    .         Harm     .   u - +0 pair of gloves
MR       +....                  h - +1 pair of boots
Stlth    +.........             (no amulet)
HPRegen  0.22/turn              (no ring)
MPRegen  0.11/turn              (no ring)

@: no status effects
A: no food or potions, fire vulnerability, cold resistance 1, negative energy
resistance 3, torment resistance, unbreathing
a: Potion Petition, Call Merchant, Bribe Branch, Renounce Religion


You were on level 8 of the Dungeon.
You worshipped Gozag.
Gozag was aware of your devotion.
You were not hungry.

You visited 1 branch of the dungeon, and saw 8 of its levels.

You collected 991 gold pieces.
You spent 182 gold pieces at shops.
You paid 642 gold pieces to Gozag.

Inventory:

Hand Weapons
 c - a +1 morningstar of protection (weapon)
Missiles
 d - 48 sling bullets
 g - 87 stones
 n - 10 poisoned darts (quivered)
Armour
 h - a +1 pair of boots (worn)
 p - a +0 ring mail (worn)
 r - a +0 cloak (worn)
 u - a +0 pair of gloves (worn)
Wands
 m - a wand of flame (12)
 q - a wand of enslavement (1)
Scrolls
 e - 3 scrolls of immolation
 f - 2 scrolls of noise
 j - 2 scrolls of enchant weapon
 k - 3 scrolls of identify
 l - 3 scrolls of remove curse
 s - 2 scrolls of fog
 t - a scroll of magic mapping


   Skills:
 * Level 9.0 Fighting
   Level 1.0 Short Blades
 * Level 2.0 Maces & Flails
   Level 7.7 Slings
 - Level 1.5 Dodging
 - Level 0.7 Stealth


You had 8 spell levels left.
You didn't know any spells.
Your spell library was empty.

Dungeon Overview and Level Annotations

Branches:
Dungeon (8/15)             Temple (0/1) D:4
   Lair: D:8-11

Altars:
Cheibriados
Dithmenos
Elyvilon
Fedhas
Gozag
Kikubaaqudgha
Nemelex Xobeh
Trog
Xom
Yredelemnul

Shops:
D:5 !   D:6 (   D:7 (

Annotations:
D:4 Eustachio
D:8 Erica, Joseph, Maurice


Innate Abilities, Weirdness & Mutations

You do not eat or drink.
Your flesh is vulnerable to fire.
You are immune to poison.
Your flesh is cold resistant. (rC+)
You are immune to negative energy. (rN+++)
You are immune to unholy pain and torment.
You can survive without breathing.


Message History

You see here a poisoned dart.
Unknown command.
Evoke which item? (* to show all) (? for menu, Esc to quit)
Aiming: Enslavement
Press: ? - help, Shift-Dir - straight line, f - Joseph
Aim: Joseph, wielding a +6 hunting sling and wearing a +3 leather armour of positive energy (moderately wounded, hasn't noticed you, chance to defeat MR: 28%) Joseph shouts!
Joseph easily resists.
Something hits you but does no damage.
Joseph shoots a sling bullet.
The sling bullet completely misses you.
Unknown command.
Evoke which item? (* to show all) (? for menu, Esc to quit)
Aiming: Enslavement
Press: ? - help, Shift-Dir - straight line, f/p - Joseph
Aim: Joseph, wielding a +6 hunting sling and wearing a +3 leather armour of positive energy (moderately wounded, chance to defeat MR: 28%) Joseph easily resists.
Something hits you.
* * * LOW HITPOINT WARNING * * *
Something steals 42 of your 129 stones!
Joseph shoots a sling bullet.
The sling bullet hits you!
You die...
Your body crumbles into a pile of gold.

##############
.............#
........$...(#
...(.........#
....(((..@...#
..####@##.###
########.#####
#.........§.§#
#..........§§#
#.........§§.#
#...(....((§§#
###'######.@##
###...## #..#


You could see Joseph.

Vanquished Creatures
  Pikel (D:4)
  An orc warrior (D:7)
  A sky beast (D:7)
  A slave (D:4)
  3 ogres
  A killer bee (D:8)
  4 phantoms
  3 bullfrogs
  A water moccasin zombie (D:8)
  A crimson imp (D:6)
  2 centaur zombies (D:6)
  A quasit (D:8)
  3 orc priests
  A jelly (D:8)
  2 hounds
  Crazy Yiuf (D:7)
  A bullfrog zombie (D:8)
  A bullfrog skeleton (D:5)
  Ijyb (D:4)
  6 orc wizards
  A worker ant (D:6)
  3 iguanas
  A killer bee zombie (D:6)
  A hound skeleton (D:4)
  8 adders
  3 gnolls (D:5)
  A shadow imp (D:5)
  3 oozes
  2 worms
  4 dart slugs
  3 leopard geckos
  17 orcs
  3 ball pythons
  4 bats
  6 giant cockroaches
  7 goblins
  2 hobgoblins
  6 kobolds
  5 quokkas
  3 frilled lizards
  A giant cockroach zombie (D:6)
  A quokka skeleton (D:6)
  A quokka zombie (D:6)
  7 rats
129 creatures vanquished.

Vanquished Creatures (collateral kills)
  A slave (D:4)
  A killer bee (D:8)
  A quokka (D:7)
3 creatures vanquished.

Vanquished Creatures (others)
  2 slaves (D:4)
  A killer bee (D:8)
3 creatures vanquished.

Grand Total: 135 creatures vanquished

Notes
Turn   | Place    | Note
-------+----------+-------------------------------------------
     0 | D:1      | Amplified the Mummy Hunter began the quest for the Orb.
     0 | D:1      | Reached XP level 1. HP: 16/16 MP: 1/1
   266 | D:1      | Reached XP level 2. HP: 23/23 MP: 2/2
   456 | D:1      | Reached XP level 3. HP: 28/28 MP: 3/3
  1022 | D:2      | Reached skill level 3 in Fighting
  1180 | D:2      | Reached XP level 4. HP: 35/35 MP: 4/4
  1300 | D:2      | Found a white marble altar of Elyvilon.
  2533 | D:4      | Found an ancient bone altar of Kikubaaqudgha.
  2535 | D:4      | Found an opulent altar of Gozag.
  2535 | D:4      | Found a snail-covered altar of Cheibriados.
  2536 | D:4      | Found a shimmering altar of Xom.
  2537 | D:4      | Found a blossoming altar of Fedhas.
  2540 | D:4      | Found a bloodstained altar of Trog.
  2543 | D:4      | Became a worshipper of Gozag Ym Sagoz the Greedy
  2809 | D:4      | Reached skill level 1 in Short Blades
  2885 | D:4      | Found a staircase to the Ecumenical Temple.
  2887 | D:4      | Noticed a slave
  2899 | D:4      | Noticed Ijyb
  2910 | D:4      | Killed Ijyb
  2910 | D:4      | Reached XP level 5. HP: 42/42 MP: 5/5
  3117 | D:2      | You fall into a shaft and drop 1 floor!
  3132 | D:3      | Reached skill level 4 in Fighting
  3397 | D:3      | Found a basalt altar of Yredelemnul.
  3623 | D:3      | Reached XP level 6. HP: 49/49 MP: 6/6
  4118 | D:4      | Noticed Eustachio
  4197 | D:5      | Entered Level 5 of the Dungeon
  4268 | D:5      | Reached skill level 5 in Slings
  4434 | D:5      | Reached skill level 5 in Fighting
  4888 | D:5      | Found Unutil Ola's Distillery.
  5083 | D:5      | Reached XP level 7. HP: 56/56 MP: 7/7
  5501 | D:6      | Reached skill level 6 in Fighting
  5950 | D:6      | Reached XP level 8. HP: 57/65 MP: 8/8
  6002 | D:6      | Found Xaxeiw's Weapon Shoppe.
  6314 | D:6      | Reached skill level 7 in Fighting
  6744 | D:4      | Found a sparkling altar of Nemelex Xobeh.
  6976 | D:4      | Noticed Pikel
  7025 | D:4      | Killed Pikel
  7372 | D:7      | Reached skill level 8 in Fighting
  7606 | D:7      | Found a runed translucent door.
  7607 | D:7      | Noticed Crazy Yiuf
  7642 | D:7      | Found a shadowy altar of Dithmenos.
  8174 | D:7      | Reached XP level 9. HP: 66/75 MP: 9/9
  8336 | D:7      | Killed Crazy Yiuf
  8349 | D:7      | Bought a glowing morningstar for 182 gold pieces
  8559 | D:8      | Noticed Erica
  8594 | D:8      | Reached skill level 1 in Maces & Flails
  8851 | D:8      | Noticed Joseph
  8872 | D:8      | Reached skill level 9 in Fighting
  8946 | D:8      | Noticed Maurice
  8969 | D:8      | Shot with a sling bullet by Joseph

Levels and vault maps discovered:
D:1:      lightli_arrival_boilingwater, layout_basic
D:2:      kennysheep_big_flooded_room, layout_basic, first_ration,
          elyvilon_altar_4
D:3:      layout_basic, lemuel_coloured_pillars_altar
D:4:      layout_gridville, minitemple, nemelex_xobeh_ov_fountains_minmay,
          minmay_temple_entry_crystal_x, uniq_ijyb, uniq_eustachio, uniq_pikel
D:5:      layout_gridville, serial_shops, shop
D:6:      layout_basic, serial_shops, nicolae_shop_behind_doors,
          hangedman_abyss_or_decor_jellyfish_corner
D:7:      layout_loops_ring, grunt_dithmenos_smoke_and_mirrors, grunt_ogre_cave,
          uniq_crazy_yiuf_cottage
D:8:      layout_gridville, uniq_maurice, uniq_joseph, uniq_erica

Skill      XL: |  1  2  3  4  5  6  7  8  9 |
---------------+----------------------------+-----
Fighting       | 3 4 5 6 8 9 |  9.0
Slings         | 4 5 6 7 |  7.7
Short Blades   | 1 |  1.0
Maces & Flails | 2 |  2.0
Dodging        | |  1.5
Stealth        | |  0.7

Action                   |  1- 3 |  4- 6 |  7- 9 || total
-------------------------+-------+-------+-------++-------
Melee: Dagger            |       |    94 |    32 ||   126
       Morningstar       |       |       |     6 ||     6
 Fire: Hunting sling     |    75 |   106 |   304 ||   485
Throw: Dart              |       |     1 |     9 ||    10
       Throwing net      |       |       |     3 ||     3
Invok: Potion Petition   |       |     1 |       ||     1
       Call Merchant     |       |       |     1 ||     1
Evoke: Wand              |       |    21 |    24 ||    45
  Use: Scroll            |     3 |    11 |     5 ||    19
 Stab: Invisible         |       |     2 |       ||     2
       Sleeping          |       |     1 |       ||     1
Armor: Leather armour    |     9 |    19 |       ||    28
       Ring mail         |       |    15 |    56 ||    71
Dodge: Dodged            |     6 |    90 |    85 ||   181
